 Dungeon Crawl Stone Soup version 0.25.1-2-g60ff931df9 (webtiles) character file.

Game seed: 2035235319054579231

25 Impeuri the Vexing (level 3, -1/36 HPs)
             Began as an Ogre Arcane Marksman on Aug 21, 2020.
             Slain by an adder (3 damage)
             ... on level 2 of the Dungeon.
             The game lasted 00:03:28 (1968 turns).

Impeuri the Vexing (Ogre Arcane Marksman)           Turns: 1968, Time: 00:03:29

Health: -1/36      AC:  3    Str: 15    XL:     3   Next: 4%
Magic:  4/4        EV: 10    Int: 14    God:
Gold:   58         SH:  0    Dex:  9    Spells: 3/4 levels left

rFire    . . .     SeeInvis .   (no weapon)
rCold    . . .     Gourm    .   (no shield)
rNeg     . . .     Faith    .   a - +0 robe
rPois    .         Spirit   .   (helmet restricted)
rElec    .         Reflect  .   (no cloak)
rCorr    .         Harm     .   (gloves unavailable)
MR       .....                  (boots unavailable)
Stlth    +.........             (no amulet)
HPRegen  0.12/turn              (no ring)
MPRegen  0.09/turn              (no ring)

@: lethally poisoned (-1 -> -6), starving
A: large, unfitting armour, tough skin 1
a: no special abilities


You were on level 2 of the Dungeon.
You were starving.

You visited 1 branch of the dungeon, and saw 2 of its levels.

You collected 58 gold pieces.

Inventory:

Missiles
 b - 6 stones (quivered)
 k - 8 poisoned darts
Armour
 a - a +0 robe (worn)
Jewellery
 j - an uncursed ring of fire {unknown}
Scrolls
 e - a scroll of fear {unknown}
 g - a scroll of remove curse {unknown}
 h - a scroll of immolation {unknown}
 i - a scroll of fog {unknown}
Comestibles
 f - 3 rations


   Skills:
 + Level 2.4 Fighting
 + Level 2.5 Throwing
 + Level 2.2 Dodging
 - Level 1.2 Spellcasting
 - Level 2.6 Hexes


You had 3 spell levels left.
You knew the following spells:

 Your Spells              Type           Power        Failure   Level  Hunger
a - Corona                Hex            #......      9%          1    ##.....

Your spell library contained the following spells:

 Spells                   Type           Power        Failure   Level  Hunger
 Slow                     Hex            #.......     13%         2    ###....
 Inner Flame              Hex/Fire       #.......     41%         3    ####...
 Portal Projectile        Hex/Tloc       #.....       41%         3    ####...
 Cause Fear               Hex            #.........   65%         4    #####..
 Leda's Liquefaction      Hex/Erth       #.........   83%         4    #####..


Dungeon Overview and Level Annotations

Branches:
Dungeon (2/15)

Altars:


Innate Abilities, Weirdness & Mutations

You are too large for most types of armour.
You have tough skin. (AC +1)


Message History

The adder is heavily wounded.
* * * LOW HITPOINT WARNING * * *
You feel sick.
A jackal comes into view.
The adder closely misses you.
You closely miss the adder.
The adder is heavily wounded.
* * * LOW HITPOINT WARNING * * *
You feel sick. The adder barely misses you.
You miss the adder.
The adder is heavily wounded.
The adder bites you.
* * * LOW HITPOINT WARNING * * *
You barely miss the adder.
The adder is heavily wounded.
* * * LOW HITPOINT WARNING * * *
You feel sick. The adder completely misses you.
A jackal comes into view.
The adder bites you.
You die...

..### .....
#..... #......
...≈≈≈.
..≈≈≈≈≈
#######..≈≈♣≈≈
#@S.h.<.h≈≈≈≈≈
######♣...≈≈≈.
♣...... ♣.....
♣.(.♣ .... ...
≈.


You could see an adder and 2 jackals.

Vanquished Creatures
  An ooze (D:1)
  A dart slug (D:1)
  A bat (D:1)
  A giant cockroach (D:1)
  A goblin (D:1)
  2 hobgoblins (D:1)
  2 jackals (D:2)
  2 frilled lizards
  5 kobolds (D:1)
  3 rats (D:1)
19 creatures vanquished.

Notes
Turn   | Place    | Note
-------+----------+-------------------------------------------
     0 | D:1      | Impeuri the Ogre Arcane Marksman began the quest for the
                  | Orb.
     0 | D:1      | Reached XP level 1. HP: 19/19 MP: 2/2
   773 | D:1      | Reached XP level 2. HP: 28/28 MP: 3/3
  1700 | D:2      | Reached XP level 3. HP: 21/36 MP: 4/4
  1968 | D:2      | Slain by an adder

Illustrated notes

Levels and vault maps discovered:
D:1:      dpeg_arrival_arbitrary_c, layout_basic, hex_intersection,
          chequers_mini_garden
D:2:      minmay_chambers_of_ones, layout_rooms, elyvilon_altar_3,
          serial_aquarium, aquarium_bridge_straight [aquarium_subvault_bridge,
          aquarium_subvault_wall, aquarium_subvault_bridge,
          aquarium_subvault_wall], aquarium_window_3, aquarium_window_2,
          aquarium_window_fake, aquarium_view_2d, aquarium_balcony_3a,
          skrybe_limestone_x

Skill      XL: |  1  2 |
---------------+-------+-----
Dodging        | 2 |  2.2
Fighting       | 2 |  2.4
Throwing       | |  2.5
Spellcasting   | |  1.2
Hexes          | |  2.6

Action                   || total
-------------------------++-------
Melee: Unarmed           ||    55
Throw: Large rock        ||    12
       Stone             ||    88
       Dart              ||    13
       Throwing net      ||     2
  Eat: Chunk             ||     1
Armor: Robe              ||    38
Dodge: Dodged            ||    66
